AoeStats
← DENNIS

MegaRandom

510169700Analyzed
2v2 RM · 4d ago on Sep 29, 2026· 50m 12s· 4 players
Game mode
Random Map
Map size
Medium (4 player)
Population
200
Speed
Normal
Resources
Standard
Victory
Conquest
Starting age
Dark Age
Ending age
Imperial Age
RankedLock teamsTeams togetherTeam positionsShared explorationLock speedFull tech treeHidden civsTurbo modeCheats
Victory
Defeat
🇨🇳 Magyars · China
1658
+12
🇹🇷 Varangians · Türkiye
1569
+17
🇸🇪 Spanish · Sweden
1589
-15
🇸🇪 Cumans · Sweden
1561
-14
BonanaKing
0:27 Loom
9:38 Feudal Age
13:14 Castle Age
13:51 Double-Bit Axe
13:57 Gold Mining
14:26 Horse Collar
23:05 Wheelbarrow
22:15 Town Watch
27:22 Bloodlines
27:19 Padded Archer Armor
27:24 Husbandry
27:29 Stone Mining
29:24 Demolition Ship
33:33 Imperial Age
31:42 Heavy Plow
31:57 Devotion
35:27 Leather Archer Armor
41:00 Fletching
42:25 Ring Archer Armor
41:49 Elite Conquistador
44:14 Conscription
44:35 Hoardings
44:26 Ballistics
44:08 Bodkin Arrow
45:01 Bracer
46:40 Elite Skirmisher
DENNIS
0:34 Loom
10:26 Feudal Age
13:50 Double-Bit Axe
16:09 Horse Collar
20:27 Castle Age
20:48 Forging
21:32 Medium Warships
23:42 Wheelbarrow
23:21 Bow Saw
24:53 Iron Casting
26:06 Town Watch
26:43 Heavy Plow
34:04 Imperial Age
34:40 Scale Barding Armor
34:29 Cavalier
35:20 Bloodlines
35:39 Conscription
35:34 Light Cavalry
39:18 Elite Skirmisher
39:52 Fletching
40:02 Padded Archer Armor
45:31 Bodkin Arrow
45:51 Leather Archer Armor
45:58 Chain Barding Armor
46:39 Blast Furnace
45:21 Hussar
funk
0:31 Loom
9:10 Feudal Age
9:54 Double-Bit Axe
9:57 Fishing Lines
10:56 Bloodlines
11:43 Horse Collar
15:24 Wheelbarrow
18:13 Castle Age
17:07 Fletching
17:30 Gold Mining
19:33 Bodkin Arrow
30:17 Stone Mining
32:41 Fervor
36:54 Hand Cart
39:42 Imperial Age
41:12 Elite Longship
42:52 Bow Saw
43:05 Bracer
44:38 Ballistics
45:19 Chemistry
46:29 Scale Barding Armor
46:34 Forging
48:00 Chain Barding Armor
48:18 Town Watch
49:31 Iron Casting
50:16 Two-Man Saw
北冥有鲲
0:31 Loom
11:19 Feudal Age
12:23 Double-Bit Axe
15:05 Castle Age
14:01 Horse Collar
16:00 Bow Saw
15:50 Heavy Plow
18:24 Wheelbarrow
18:11 Town Watch
21:43 Scale Barding Armor
22:07 Medium Warships
29:41 Imperial Age
27:22 Fletching
27:23 Gold Mining
27:55 Ballistics
29:01 Hand Cart
28:46 Bodkin Arrow
30:05 Padded Archer Armor
30:16 Bloodlines
30:45 Bracer
31:47 Chemistry
31:15 Conscription
31:35 Thumb Ring
32:09 Leather Archer Armor
33:21 Ring Archer Armor
34:12 Parthian Tactics
33:52 Recurve Bow
34:06 Corvinian Army
35:40 Heavy Cavalry Archer
37:53 Crop Rotation
38:24 Two-Man Saw
38:10 Demolition Ship
38:59 Elite Magyar Huszar
40:25 Heavy Warships
41:28 Chain Barding Armor
41:58 Capped Ram
43:16 Hoardings
43:17 Plate Barding Armor
42:54 Masonry
43:12 Herbal Medicine
43:30 Sappers
44:46 Gold Shaft Mining
46:49 Demolition Ship
47:14 Elite Skirmisher
47:57 Scale Mail Armor
48:04 Siege Engineers
47:39 Treadmill Crane
47:55 Murder Holes
Connection lost

Rejoining the realm…

Still unreachable

The connection could not be restored.

Session expired

The server has moved on; the page needs a fresh start.